 Dungeon Crawl Stone Soup version 0.32-a0-132-g2d33c3cfaf (webtiles) character file.

Game seed: 7648923159622573237

9596 Dittersdorf the Fighter (level 11, -15/73 HPs)
             Began as a Gargoyle Fighter on Feb 9, 2024.
             Was an Initiate of Gozag.
             Demolished by a skeletal warrior
             ... wielding a +0 halberd
              (20 damage)
             ... on level 9 of the Dungeon.
             The game lasted 00:12:15 (8550 turns).

Dittersdorf the Fighter (Gargoyle Fighter)          Turns: 8550, Time: 00:12:15

Health: -15/73     AC: 25    Str: 24    XL:     11   Next: 49%
Magic:  11/11      EV:  7    Int:  9    God:    Gozag
Gold:   1134       SH:  6    Dex:  9    Spells: 10/10 levels left

rFire   + . .        w - +3 demon whip (drain)
rCold   + . .        c - +0 buckler
rNeg    + . .        v - +0 plate armour
rPois   ∞            p - +0 helmet
rElec   +            a - +0 cloak
rCorr   .            (no gloves)
SInv    .            (no boots)
Will    .....        g - amulet of regeneration Stlth
                     t - ring of protection from cold
HPRegen 1.12/turn    q - ring of protection from fire
MPRegen 0.12/turn

%: no passive effects
@: no status effects
A: sickness immunity, AC +8, negative energy resistance 1, electricity
resistance, torment resistance 1, petrification resistance
a: Renounce Religion, Potion Petition, Call Merchant, Bribe Branch


You were on level 9 of the Dungeon.
You worshipped Gozag.
Gozag was most pleased with you.
You visited 2 branches of the dungeon, and saw 10 of its levels.

You collected 1190 gold pieces.
You paid 56 gold pieces to Gozag.

Inventory:

Hand Weapons
 s - a +0 morningstar
 w - a +3 demon whip of draining (weapon)
Missiles
 n - a throwing net
Armour
 a - a +0 cloak (worn)
 c - a +0 buckler (worn)
 p - a +0 helmet (worn)
 v - a +0 plate armour (worn)
Jewellery
 b - a ring of ice
 e - a ring of wizardry
 g - an amulet of regeneration (around neck)
 q - a ring of protection from fire (right hand)
 t - a ring of protection from cold (left hand)
Wands
 j - a wand of acid (2) (quivered)
Scrolls
 f - 4 scrolls of teleportation
 i - a scroll of fear
Potions
 d - 2 potions of might
 h - a potion of degeneration {unknown}
 k - a potion of haste
 l - a potion of mutation
 m - a potion of invisibility {unknown}
 o - 3 potions of curing
 r - a potion of ambrosia


   Skills:
 + Level 10.4 Fighting
 + Level 9.2 Maces & Flails
 + Level 10.2 Armour
 + Level 10.3 Shields


You had 10 spell levels left.
You didn't know any spells.
Your spell library contained the following spells:

 Spells                   Type           Power      Damage    Failure   Level
 Magic Dart               Conj           0%         1d3       99%         1
 Searing Ray              Conj           0%         2d4       100%        2
 Dazzling Flash           Conj/Hex       0%         N/A       100%        3
 Mephitic Cloud           Conj/Alch/Air  0%         N/A       100%        3
 Summon Ice Beast         Ice/Summ       0%         N/A       100%        3
 Fulminant Prism          Conj/Alch      0%         3d5       100%        4
 Curse of Agony           Necr           0%         N/A       100%        5
 Silence                  Hex/Air        0%         N/A       100%        5
 Summon Mana Viper        Hex/Summ       0%         N/A       100%        5
 Sculpt Simulacrum        Ice/Alch       0%         N/A       100%        6
 Monstrous Menagerie      Summ           0%         N/A       100%        7
 Ozocubu's Refrigeration  Ice            0%         4d7       100%        7
 Polar Vortex             Ice            0%         N/A       100%        9


Dungeon Overview and Level Annotations

Branches:
Dungeon (9/15)             Temple (1/1) D:4            Lair (0/5) D:8
    Orc: D:9-12

Altars:
Ashenzari
Cheibriados
Dithmenos
Elyvilon
Fedhas
Gozag
Hepliaklqana
Kikubaaqudgha
Makhleb
Nemelex Xobeh
Okawaru
Qazlal
Ru
Sif Muna
Trog
Uskayaw
Vehumet
Wu Jian
Xom
Yredelemnul
Zin
The Shining One


Innate Abilities, Weirdness & Mutations

You are immune to sickness and miasma.
Your stone body is resilient. (AC +8)
You are immune to poison.
You resist negative energy. (rN+)
You are resistant to electric shocks. (rElec)
You are resistant to unholy torment.
You are immune to petrification.


Message History

The skeletal warrior is severely damaged.
You block the skeletal warrior's attack.
You hit the skeletal warrior.
The skeletal warrior is almost destroyed.
The skeletal warrior hits you but does no damage.
You barely miss the skeletal warrior.
The skeletal warrior is almost destroyed.
You barely miss the skeletal warrior.
The skeletal warrior is almost destroyed.
The skeletal warrior hits you but does no damage.
You hit the skeletal warrior but do no damage.
The skeletal warrior is almost destroyed.
The skeletal warrior hits you with a +0 halberd!!
* * * LOW HITPOINT WARNING * * *
You hit the skeletal warrior but do no damage.
The skeletal warrior is almost destroyed.
You hit the skeletal warrior but do no damage.
The skeletal warrior is almost destroyed.
The skeletal warrior hits you but does no damage.
You hit the skeletal warrior.
The skeletal warrior is almost destroyed.
The skeletal warrior hits you with a +0 halberd.
* * * LOW HITPOINT WARNING * * *
You hit the skeletal warrior but do no damage.
The skeletal warrior is almost destroyed.
You hit the skeletal warrior but do no damage.
The skeletal warrior is almost destroyed.
The skeletal warrior hits you with a +0 halberd!
* * * LOW HITPOINT WARNING * * *
You whack the skeletal warrior!
The skeletal warrior is almost destroyed.
The skeletal warrior hits you with a +0 halberd.
* * * LOW HITPOINT WARNING * * *
You completely miss the skeletal warrior.
The skeletal warrior is almost destroyed.
You closely miss the skeletal warrior.
The skeletal warrior is almost destroyed.
The skeletal warrior hits you with a +0 halberd!!
You die...
Your body crumbles into a pile of gold.

#.# #.## ###.# ##.#)##
#..##.# .[# ##.#.#.##
R## #..#.##.# e#
###.##.#.## E#
#.##.#.##@# .#
##....##..z##.#
#'#'#######$#○#
#.##...#.#)..#
#.##.#.#.#.#.#
###.###.....###
##..###......)#......
#.#.#.####.####...)..
##..#.###.....#.......


You could see a skeletal warrior.

Vanquished Creatures
  A hydra (D:9)
  The ghost of hgbash the Grappler, a novice TrFi of Hepliaklqana (D:7)
  A boulder beetle (D:9)
  A two-headed ogre (D:9)
  A deep elf pyromancer (D:9)
  A cyclops (D:7)
  An efreet (D:9)
  A troll (D:6)
  Prince Ribbit (D:6)
  A hornet (D:9)
  A shadow (D:9)
  4 wyverns
  A wraith (D:9)
  4 yaks
  A basilisk (D:8)
  A steam dragon (D:7)
  5 water moccasins
  6 orc warriors
  5 black bears
  A sky beast (D:6)
  2 centaurs
  9 kobold brigands
  5 bullfrogs
  A gnoll sergeant (D:7)
  2 scorpions
  3 howler monkeys (D:7)
  3 jellies
  Crazy Yiuf (D:6)
  8 orc priests
  Natasha (thrice) (D:2)
  3 iguanas
  10 orc wizards
  13 gnolls
  8 adders
  A white imp (D:7)
  2 dart slugs
  21 orcs
  6 ball pythons
  5 bats
  5 endoplasms
  4 giant cockroaches
  3 goblins
  8 hobgoblins
  18 kobolds
  8 quokkas
  4 frilled lizards
  5 rats
200 creatures vanquished.

Vanquished Creatures (others)
  A human (D:7)
  An orc wizard (D:8)
2 creatures vanquished.

Grand Total: 202 creatures vanquished

Notes
Turn   | Place    | Note
-------+----------+-------------------------------------------
     0 | D:1      | Dittersdorf the Gargoyle Fighter began the quest for the
                  | Orb.
     0 | D:1      | Reached XP level 1. HP: 14/14 MP: 1/1
   148 | D:1      | Reached XP level 2. HP: 19/19 MP: 2/2
   509 | D:1      | Reached XP level 3. HP: 23/23 MP: 3/3
   967 | D:2      | Noticed Natasha
   979 | D:2      | Killed Natasha
   980 | D:2      | Reached XP level 4. HP: 13/29 MP: 4/4
  1388 | D:2      | Noticed Natasha
  1398 | D:2      | Killed Natasha
  1399 | D:2      | Reached XP level 5. HP: 32/33 MP: 5/5
  1451 | D:2      | Noticed Natasha
  1462 | D:2      | Killed Natasha
  2223 | D:3      | Noticed a centaur
  2234 | D:3      | Killed a centaur
  2235 | D:3      | Reached XP level 6. HP: 39/39 MP: 6/6
  2829 | D:4      | Noticed a black bear
  2844 | D:4      | Killed a black bear
  2845 | D:4      | Reached skill level 5 in Fighting
  2857 | D:4      | Reached skill level 5 in Armour
  2857 | D:4      | Reached skill level 5 in Shields
  2857 | D:4      | Reached XP level 7. HP: 42/44 MP: 7/7
  2999 | D:4      | Found a staircase to the Ecumenical Temple.
  3010 | Temple   | Entered the Ecumenical Temple
  3039 | Temple   | Became a worshipper of Gozag Ym Sagoz the Greedy
  3349 | D:5      | Entered Level 5 of the Dungeon
  3370 | D:5      | Found a sacrificial altar of Ru.
  3370 | D:5      | Found a basalt altar of Yredelemnul.
  3769 | D:5      | Found a white marble altar of Elyvilon.
  3772 | D:5      | Found a burning altar of Makhleb.
  3787 | D:5      | Found an iron altar of Okawaru.
  3790 | D:5      | Found a stormy altar of Qazlal.
  4336 | D:6      | Found a snail-covered altar of Cheibriados.
  4432 | D:6      | Reached XP level 8. HP: 51/51 MP: 8/8
  4440 | D:6      | Noticed Prince Ribbit
  4459 | D:6      | Killed Prince Ribbit
  4460 | D:6      | Reached skill level 5 in Maces & Flails
  4503 | D:6      | Found a runed translucent door.
  4504 | D:6      | Noticed Crazy Yiuf
  4518 | D:6      | Killed Crazy Yiuf
  4848 | D:6      | Noticed a troll
  4866 | D:6      | HP: 1/52 [troll (6)]
  4867 | D:6      | Killed a troll
  5851 | D:7      | Found a bloodstained altar of Trog.
  5860 | D:7      | Reached XP level 9. HP: 57/57 MP: 9/9
  6306 | D:7      | Found an ancient bone altar of Kikubaaqudgha.
  7022 | D:8      | Noticed a cyclops
  7116 | D:7      | Killed a cyclops
  7117 | D:7      | Reached XP level 10. HP: 29/65 MP: 10/10
  7180 | D:8      | Found a staircase to the Lair.
  7375 | D:8      | Found a glowing golden altar of the Shining One.
  7398 | D:8      | Found a runed translucent gate.
  7399 | D:8      | Found a runed translucent gate.
  7399 | D:8      | Found a runed translucent gate.
  7399 | D:8      | Noticed hgbash's ghost (novice TrFi)
  7555 | D:8      | HP: 2/66 [orc priest/divine providence (11)]
  7802 | D:8      | Identified a scroll of acquirement
  7802 | D:8      | Acquired a +3 demon whip of draining
  8106 | D:7      | Killed hgbash's ghost
  8230 | D:9      | Noticed a two-headed ogre
  8239 | D:9      | Killed a two-headed ogre
  8240 | D:9      | Reached XP level 11. HP: 52/72 MP: 11/11
  8398 | D:9      | Reached skill level 10 in Fighting
  8417 | D:9      | Reached skill level 10 in Shields
  8461 | D:9      | Noticed a deep elf pyromancer
  8461 | D:9      | Noticed a six-headed hydra
  8461 | D:9      | Noticed a skeletal warrior
  8464 | D:9      | Identified the amulet of Asokiedi {Spirit rPois rF- Str+5}
  8475 | D:9      | Killed a six-headed hydra
  8476 | D:9      | Reached skill level 10 in Armour
  8500 | D:9      | Killed a deep elf pyromancer
  8507 | D:9      | Noticed a boulder beetle
  8520 | D:9      | Killed a boulder beetle
  8548 | D:9      | HP: 3/73 [skeletal warrior/+0 halberd (1)]
  8550 | D:9      | Demolished by a skeletal warrior

Illustrated notes

Levels and vault maps discovered:
D:1:      psy_arrival_radial02, layout_loops_cross
D:2:      layout_loops_ring, uniq_natasha
D:3:      layout_basic
D:4:      layout_cave_pools, minmay_temple_entry_glassed_door,
          kennysheep_nondescript, nicolae_underground_beach
D:5:      layout_basic, grunt_temple_overflow_cloverleaf,
          nicolae_overflow_two_pavilions, kennysheep_nub
D:6:      layout_layer_cave, mainiacjoe_overflow_six_doors_small,
          water_boxes_lemuel, uniq_prince_ribbit1, uniq_crazy_yiuf_cottage
D:7:      layout_basic, tgw_kikubaaqudgha, mainiacjoe_overflow_24_doors,
          roderic_lattice_a, nicolae_eternal_life
D:8:      layout_cave_pools, mainiacjoe_overflow_cross_hatched,
          minmay_lair_entry_grove, gammafunk_ghost_nasty_kobolds,
          minmay_orc_keep
D:9:      minmay_the_grid_triangle_9x9_rhombus_thin
          [minmay_the_grid_triangle_9x9_longest,
          minmay_the_grid_triangle_9x9_prize_insulated,
          minmay_the_grid_triangle_9x9_corruption,
          minmay_the_grid_triangle_9x9_alien], layout_irregular_city
Temple:   nicolae_temple_godzebo

Skill      XL: |  1  2  3  4  5  6  7  8  9 10 11 |
---------------+----------------------------------+-----
Fighting       | 4 5 7 8 9 10 | 10.4
Armour         | 4 5 6 8 9 10 | 10.2
Shields        | 4 5 6 8 9 10 | 10.3
Maces & Flails | 3 4 5 7 8 9 |  9.2

Action                     |  1- 3 |  4- 6 |  7- 9 | 10-12 || total
---------------------------+-------+-------+-------+-------++-------
  Melee: Flail             |   105 |    93 |       |       ||   198
         Mace              |       |    75 |   365 |   196 ||   636
         Demon whip        |       |       |       |   177 ||   177
  Evoke: Wand              |       |       |     3 |     1 ||     4
    Use: Scroll            |       |     5 |     6 |     7 ||    18
   Stab: Distracted        |       |       |       |     2 ||     2
 Armour: Scale mail        |    72 |   174 |   286 |       ||   532
         Plate armour      |       |       |   145 |   373 ||   518
  Dodge: Dodged            |    53 |   107 |   204 |   117 ||   481
  Block: Buckler           |    28 |    50 |   107 |    91 ||   276

Table legend: (Time is in decaauts)
 A = Elapsed time spent in this place.
 B = Non-inter-level travel time spent in this place.
 C = Inter-level travel time spent in this place.
 D = Time resting spent in this place.
 E = Time spent auto-exploring this place.
 F = Levels seen in this place.
 G = Mean time per level.
                   A        B        C        D        E       F      G
               +--------+--------+--------+--------+--------+-----+--------+
         Total |   8660 |   8231 |    429 |    589 |   5622 |  10 |  866.0 |
       Dungeon |   8602 |   8229 |    373 |    589 |   5622 |   9 |  955.8 |
        Temple |     58 |      2 |     56 |      0 |      0 |   1 |   58.0 |
               +--------+--------+--------+--------+--------+-----+--------+

Top non-repeatable levels by time:
     D:7: 1823 daAuts
     D:2: 1372 daAuts
     D:6: 1139 daAuts
     D:8: 1001 daAuts
     D:5: 964 daAuts
     D:3: 764 daAuts
     D:1: 697 daAuts
     D:4: 554 daAuts
     D:9: 283 daAuts
  Temple: 58 daAuts
